[Event "Romanian Superleague 2022"]
[Site "Oradea"]
[Date "2022.09.24"]
[Round "4.7"]
[White "Nguyen, Thai Dai Van"]
[Black "Deac, Bogdan-Daniel"]
[Result "1-0"]
[ECO "E04"]
[WhiteElo "2627"]
[BlackElo "2710"]
[Annotator "TA"]
[PlyCount "85"]
[EventDate "2022.09.21"]
[EventType "team-tourn"]
[EventCountry "ROU"]
[SourceTitle "playchess.com"]
[Source "ChessBase"]
[SourceQuality "1"]
[TimeControl "40/5400+30:1800+30"]

1. d4 Nf6 2. c4 e6 3. Nf3 d5 4. g3 dxc4 5. Bg2 Bd7 6. Ne5 Bc6 7. Nxc6 Nxc6 8. O-O Qd7 {[%emt 0:00:33] E04: Open Catalan: 5 Nf3.} 9. e3 {[%emt 0:02:18][%mdl 1024] White has compensation.} Rd8 10. Qc2 $1 {[%emt 0:01:34][%mdl 4] outshines the older 10.Qe2.} b5 {[%emt 0:02:47] The position is equal.} 11. b3 Nb4 12. Qe2 cxb3 13. axb3 c6 {[%emt 0:00:24] [#]} 14. Nd2 $146 ({Predecessor:} 14. Bd2 Be7 15. Bxb4 Bxb4 16. Rc1 Nd5 17. Ra6 O-O 18. Raxc6 Rb8 19. Qb2 Rfc8 20. Rxc8+ Rxc8 {0-1 (38) Gleizerov,E (2498)-Grachev,B (2621) Riga 2019}) 14... Nbd5 15. Nf3 Qb7 16. Qa2 Rd7 (16... Ra8 $1 $14) 17. Bd2 ({White should play} 17. Ne5 $16 Rc7 18. Bd2) 17... Rc7 ({Black should try} 17... Ne4 $1 $14) 18. Rfc1 Bb4 (18... Bd6 $142) 19. Bxb4 $16 Nxb4 20. Qa3 Nbd5 21. Ne5 {[%emt 0:00:06][%cal Bf3e5,Be5d3,Bd3f4][%mdl 32] Strongly threatening Qd6.} Nd7 (21... Ne7 $16 {might work better.}) 22. Bxd5 exd5 23. Qd6 Nb8 24. Nd3 $1 {[%emt 0:13:53][%cal Oe3e4] Black must now prevent e4! White is much more active.} h5 25. Nf4 h4 26. Qe5+ Kf8 27. Qd6+ Ke8 {[%emt 0:00:17] [#]} 28. Nxd5 $1 Rd7 29. Qe5+ Kf8 30. Nf4 hxg3 31. hxg3 ({Resist} 31. fxg3 Rh6 $16) 31... Rh6 32. d5 (32. Qg5 $16) 32... a6 $1 $14 33. e4 Re7 34. Qf5 {[%emt 0:02:51] Threatens to win with e5.} Rf6 $2 (34... Qd7 $14) 35. Qh7 Rh6 36. Qf5 Rf6 {[%emt 0:00:57] [#] Against Ne6+} 37. Qg4 (37. Qh7 Rh6 38. Qf5 $16) (37. dxc6 $1 $18 Nxc6 38. Qc5) 37... Kg8 38. Re1 $40 {[%emt 0:01:18][%mdl 128] Black needs to defend precisely.} (38. dxc6 $16 Rxc6 39. Nh5) 38... Rh6 (38... Nd7 $1 $11 {keeps the balance.}) 39. Rac1 $16 {[%emt 0:00:34] e5 is the strong threat.} Nd7 {[%emt 0:01:30][%mdl 8192] [#]} (39... Re5 $16 {is more resistant.}) 40. Nh5 $1 $18 {[%emt 0:00:00][%csl Gh5][%cal Rg4g7] White is clearly winning.} Rg6 41. dxc6 Qxc6 42. Qh4 ({Weaker is} 42. Rxc6 Rxg4 43. Rc8+ (43. Rxa6 Rgxe4 44. Rxe4 Rxe4 $11) 43... Kh7 $14) 42... Qd6 43. Red1 {[%emt 0:01:08] Weighted Error Value: White=0.26 (precise) /Black=0.40} 1-0

[Event "Romanian Superleague 2022"]
[Site "Oradea"]
[Date "2022.09.24"]
[Round "4.8"]
[White "Miroshnichenko, Evgenij"]
[Black "Nisipeanu, Liviu-Dieter"]
[Result "1/2-1/2"]
[ECO "E06"]
[WhiteElo "2597"]
[BlackElo "2633"]
[Annotator "TA"]
[PlyCount "34"]
[EventDate "2022.09.21"]
[EventType "team-tourn"]
[EventCountry "ROU"]
[SourceTitle "playchess.com"]
[Source "ChessBase"]
[SourceQuality "1"]
[TimeControl "40/5400+30:1800+30"]

1. d4 Nf6 2. c4 e6 3. Nf3 d5 4. g3 Be7 5. Bg2 O-O 6. Nc3 c6 7. O-O a5 {[%emt 0:00:05] E06: Closed Catalan: Early deviations.} 8. Nd2 b5 9. cxb5 cxb5 {[%emt 0:00:08] White has an edge.} 10. Nxb5 Qb6 11. a4 Nc6 12. Nb1 Ba6 13. N1c3 {[%emt 0:00:12] [#]} Na7 $146 ({Predecessor:} 13... Bb4) 14. Nxa7 Rxa7 {[%emt 0:05:01] The position is equal.} 15. Re1 Rc8 16. e3 h6 17. Bf1 Bb4 {[%emt 0:09:02] A rather calm draw.  Weighted Error Value: White=0.03 (flawless) /Black=0.03 (flawless)} 1/2-1/2

[Event "Romanian Superleague 2022"]
[Site "Oradea"]
[Date "2022.09.24"]
[Round "4.9"]
[White "Mendonca, Leon Luke"]
[Black "Szabo, Gergely-Andras-Gyula"]
[Result "1/2-1/2"]
[ECO "E14"]
[WhiteElo "2558"]
[BlackElo "2512"]
[Annotator "TA"]
[PlyCount "50"]
[EventDate "2022.09.21"]
[EventType "team-tourn"]
[EventCountry "ROU"]
[SourceTitle "playchess.com"]
[Source "ChessBase"]
[SourceQuality "1"]
[TimeControl "40/5400+30:1800+30"]

1. d4 Nf6 2. c4 e6 3. Nf3 Bb4+ 4. Nbd2 b6 5. a3 Bxd2+ 6. Qxd2 Bb7 7. e3 d5 {[%emt 0:03:08] E14: Queen's Indian: Classical Variation (4 e3).} 8. b4 dxc4 9. Bxc4 O-O {[%emt 0:00:18][%cal Oc7c5] White is slightly better.} 10. O-O Nbd7 11. Bb2 Qe7 {[%emt 0:03:25] [#]} 12. Rac1 $146 ({Predecessor:} 12. Rfd1 Rfd8 13. Qe2 a5 14. b5 h6 15. a4 Nd5 16. e4 Nf4 17. Qe3 Ng6 18. Ba3 {1-0 (33) Galaktionov,A (2315)-Peng,D (2287) Chess.com INT 2020}) 12... Rfd8 13. Be2 c5 14. bxc5 Nxc5 {[%emt 0:02:06] [#] Hoping for ...Nb3.} 15. Qc2 {[%emt 0:07:31] Inhibits Nb3.} Be4 16. Qc4 (16. Qd1 $14) 16... Nb7 (16... Bd5 $5 17. Qb4 a5 $11) 17. Nd2 Nd6 18. Qa4 Bb7 19. Rc2 Nfe4 20. Nf3 Rdc8 21. Rfc1 Rxc2 {[%emt 0:01:05] The position is equal.} 22. Rxc2 Bd5 23. Qa6 Bb7 24. Qa4 Bd5 25. Qa6 Bb7 {[%emt 0:20:47] Weighted Error Value: White=0.15 (very precise) /Black=0.10 (very precise)} 1/2-1/2

[Event "Romanian Superleague 2022"]
[Site "Oradea"]
[Date "2022.09.24"]
[Round "4.10"]
[White "Nevednichy, Vladislav"]
[Black "Ghimpu, Samuel-Timotei"]
[Result "0-1"]
[ECO "B12"]
[WhiteElo "2472"]
[BlackElo "2434"]
[Annotator "TA"]
[PlyCount "71"]
[EventDate "2022.09.21"]
[EventType "team-tourn"]
[EventCountry "ROU"]
[SourceTitle "playchess.com"]
[Source "ChessBase"]
[SourceQuality "1"]
[TimeControl "40/5400+30:1800+30"]

1. e4 c6 2. d4 d5 3. e5 Bf5 4. Nd2 e6 5. Nb3 a6 6. Nf3 {[%emt 0:01:01] B12: Caro-Kann: Advance Variation.} c5 7. dxc5 Bxc5 8. Nxc5 {[%emt 0:01:20] The position is equal.} Qa5+ 9. c3 Qxc5 10. Nd4 Ne7 11. Qa4+ Nd7 {[%emt 0:02:52] [#]} 12. Be2 $146 {[%emt 0:14:01][%mdl 2048] White is more active.} ({Predecessor:} 12. f4 Rc8 13. Be3 Qc7 14. Be2 O-O 15. O-O Be4 16. Qd1 Nb6 17. Bf2 Nc4 18. Qc1 {1-0 (32) Bernadskiy,V (2592)-Makhnev,D (2513) Tashkent 2021}) 12... Rd8 13. Bg5 h6 14. Bh4 (14. Nxf5 $14 exf5 15. Be3) 14... Qc7 (14... Rc8 $11) 15. Nxf5 $14 exf5 16. f4 {[%emt 0:07:41] Against g5} Qb6 17. O-O-O {[%emt 0:19:24] Hoping for Bf3.} g5 18. Bg3 O-O 19. Qd4 Qxd4 20. cxd4 ({Reject} 20. Rxd4 Nc5 $11) 20... f6 21. h4 g4 22. h5 Kf7 23. Rhf1 Ke6 24. Bh4 Nc6 25. Kb1 Rg8 26. Rfe1 Rdf8 27. exf6 (27. Rd2 $16) 27... Kd6 $11 28. Bd3 Nxf6 29. Bxf5 {[%emt 0:00:13] [#] aiming for Re6+.} Nxh5 30. Re6+ Kc7 31. Bc2 {[%emt 0:01:26] f5 is the strong threat. This bishop pair is nice.} (31. Bh7 $5 Rg7 32. Rxh6 Nxf4 33. Bg3 $15) 31... Nxf4 32. Rxh6 g3 (32... Nxg2 $17 33. Bg3+ Kb6) 33. Rf1 Nxd4 (33... Nxg2 $11 {remains equal.} 34. Bxg3+ Kc8 35. Rxf8+ Rxf8) 34. Bh7 $2 ({White must play} 34. Be7 $16) 34... Nfe2 $2 {[%emt 0:00:12] [#]} (34... Rg4 $15 {stays ahead.}) 35. Rd1 $2 (35. Bf6 $1 $18 Rg5 36. Rhh1) 35... Rh8 $17 {[%emt 0:00:32] Strongly threatening ...Nf5.} 36. Bxg3+ {[%emt 0:02:31] Weighted Error Value: White=0.35/Black=0.28 (precise)} (36. Bg5 $142) 0-1

[Event "Romanian Superleague 2022"]
[Site "Oradea"]
[Date "2022.09.24"]
[Round "4.11"]
[White "David, Alexandru-Vasile"]
[Black "Stoleriu, George"]
[Result "1/2-1/2"]
[ECO "E90"]
[WhiteElo "2417"]
[BlackElo "2392"]
[Annotator "TA"]
[PlyCount "54"]
[EventDate "2022.09.21"]
[EventType "team-tourn"]
[EventCountry "ROU"]
[SourceTitle "playchess.com"]
[Source "ChessBase"]
[SourceQuality "1"]
[TimeControl "40/5400+30:1800+30"]

1. d4 Nf6 2. c4 g6 3. Nc3 Bg7 4. e4 d6 5. Nf3 O-O 6. Bd3 e5 7. d5 a5 $1 {[%emt 0:00:26][%cal Ba7a5,Ba5a4][%mdl 32] The main line 7...a5 scores better than 7...Nbd7.} 8. Bg5 {[%emt 0:00:00] E90: King's Indian: Classical: Early deviations and 6 h3.} h6 9. Bh4 Na6 {[%emt 0:01:10] [#]} 10. Qd2 $146 (10. Nd2 $142) ({Predecessor:} 10. Nd2 Qe8 11. Be2 Bd7 12. O-O Nh7 13. f3 h5 14. Bf2 Bh6 15. Rb1 Qe7 16. Nb3 {½-½ (40) Poluektov,Y (2372)-Matjushin,G (2477) Zaporozhye 2011}) 10... Nc5 $11 11. Bc2 Bd7 12. O-O-O a4 13. h3 g5 14. Bg3 Nh5 15. h4 (15. Bh2 $15) 15... g4 $17 16. Nh2 Qf6 (16... Nxg3 $17 17. fxg3 h5) 17. Nf1 $1 $11 Nf4 (17... Qg6 $142) 18. Ne3 h5 19. Kb1 Bh6 20. Qe1 Kh8 21. Rg1 Ra6 22. a3 Rb6 23. Ka2 Rg8 24. Rf1 Ra6 (24... Nb3 $11 {remains equal.}) 25. Nb5 $16 Rb6 26. Nc3 (26. Nxc7 $16 Nb3 27. Nb5) 26... Ra6 $14 27. Nb5 Rb6 $1 {[%emt 0:00:04] Weighted Error Value: White=0.18 (very precise) /Black=0.22 (precise)} 1/2-1/2

[Event "Romanian Superleague 2022"]
[Site "Oradea"]
[Date "2022.09.24"]
[Round "4.12"]
[White "Danilov, Vladimir"]
[Black "Talu, Mircea"]
[Result "1-0"]
[ECO "A35"]
[WhiteElo "2378"]
[BlackElo "2331"]
[Annotator "TA"]
[PlyCount "87"]
[EventDate "2022.09.21"]
[EventType "team-tourn"]
[EventCountry "ROU"]
[SourceTitle "playchess.com"]
[Source "ChessBase"]
[SourceQuality "1"]
[TimeControl "40/5400+30:1800+30"]

1. Nf3 c5 2. c4 g6 3. Nc3 Bg7 4. e3 Nf6 5. Be2 O-O 6. O-O b6 7. d4 cxd4 8. Nxd4 Bb7 9. Bf3 Nc6 10. b3 {[%emt 0:04:24] A35: Symmetrical English: 2 Nc3 Nc6 3 Nf3.} Qb8 11. Bb2 (11. Ba3 $5 ) 11... Ne5 12. Bxb7 {[%emt 0:06:05] The position is equal.} Qxb7 13. Nde2 {[%emt 0:04:33] [#]} a6 $146 ({Predecessor:} 13... Rfd8 14. Nf4 d6 15. Qe2 a6 16. Rfd1 Rab8 17. a4 Nfd7 18. Rab1 Nc5 19. Ba1 Rbc8 {1-0 (47) Gelashvili,T (2604)-Morchiashvili,B (2415) Athens 2007}) 14. a4 {[%emt 0:02:03] Prevents b5.} Rfd8 15. Nf4 {[%emt 0:03:55] Against d5} e6 16. Ra2 Rac8 17. Ba1 (17. Ncd5 {is more complex.} d6 18. Nxf6+ Bxf6 19. Qa1) 17... Nc6 18. Rd2 Na5 19. Qb1 Rc7 20. Rfd1 Rdc8 21. Nfe2 Ne8 22. Rd3 d6 23. f3 Qb8 24. Ne4 Bxa1 25. Qxa1 Nb7 26. Nf6+ Nxf6 27. Qxf6 Re8 28. Ng3 {[%emt 0:01:20] White has more active pieces.} h6 {[%emt 0:07:12] Black is now going downhill.} ({Better is} 28... b5 $14) 29. Ne4 $18 Rc6 (29... e5 $142 30. Qh4 (30. Nxd6 Re6 $18) 30... Kg7 31. Nxd6 Re6) 30. Qf4 Kg7 31. Nxd6 Nxd6 32. Rxd6 Rc5 {[%emt 0:00:39] [#]} (32... g5 {was called for.} 33. Qd4+ e5) 33. b4 Rcc8 34. Qd4+ e5 35. Qd5 ({Weaker is} 35. Qxb6 Qxb6 36. Rxb6 Rxc4 $16) (35. Qh4 $142) 35... Re7 36. c5 bxc5 37. bxc5 Qb4 38. c6 {[%emt 0:01:57] aiming for Rd7.} ({Don't play} 38. Rxa6 $6 Qxc5 39. Qxc5 Rxc5 $14) 38... Qxa4 (38... Qc3 {keeps fighting.} 39. Kf2 e4 40. fxe4 Qc2+ 41. Kf3 Rce8) 39. Rd7 Qa3 (39... Rxd7 40. cxd7 Rd8 41. Qxe5+ Kh7) 40. e4 a5 41. h3 {[%emt 0:07:30] And now Kh2 would win.} Kh7 (41... Rxd7 $142 42. Qxe5+ Kg8 43. cxd7 Rd8) 42. Kh2 {[%emt 0:00:48][%cal Od1a1] Threatening mate with Ra1!} Qb4 {[%emt 0:07:15] [#]} 43. Rb1 $3 Qa3 44. Rb3 {[%emt 0:00:39] Weighted Error Value: White=0.13 (very precise) /Black=0.52} 1-0

[Event "Romanian Superleague 2022"]
[Site "Oradea"]
[Date "2022.09.24"]
[Round "4.13"]
[White "Marin, Mihail"]
[Black "Kozak, Adam"]
[Result "1/2-1/2"]
[ECO "A07"]
[WhiteElo "2457"]
[BlackElo "2516"]
[Annotator "TA"]
[PlyCount "63"]
[EventDate "2022.09.21"]
[EventType "team-tourn"]
[EventCountry "ROU"]
[SourceTitle "playchess.com"]
[Source "ChessBase"]
[SourceQuality "1"]
[TimeControl "40/5400+30:1800+30"]

1. Nf3 d5 2. g3 c6 3. Bg2 Bg4 4. O-O Nd7 5. c4 Bxf3 6. Bxf3 {[%emt 0:02:28] A07: Réti Opening: New York and Capablanca Systems.} Ne5 7. Qb3 Nxf3+ 8. exf3 Qd7 9. cxd5 cxd5 10. d3 e6 11. f4 {[%emt 0:01:00] [#] The position is equal.} Bd6 $146 ({Predecessor:} 11... Ne7 12. Nd2 Nf5 13. Nf3 Bd6 14. Be3 O-O 15. Rac1 Nxe3 16. fxe3 Rac8 17. Kg2 Bc5 18. Ne5 Qe7 19. d4 Bd6 20. Rc3 Bxe5 21. dxe5 Rc5 22. Rfc1 {½-½ (22) Bareev,E (2670)-Sadler,M (2515) Hastings 1992}) 12. Nd2 Ne7 13. Nf3 O-O 14. Bd2 Rac8 15. Rac1 Rxc1 16. Rxc1 Rc8 17. Rxc8+ Nxc8 18. f5 Ne7 19. fxe6 fxe6 20. Bb4 Bxb4 21. Qxb4 $11 {[%emt 0:00:11][%mdl 4096] Endgame KQN-KQN} Nc6 22. Qg4 h6 23. Nd4 Nxd4 24. Qxd4 {[%emt 0:03:28] KQ-KQ} Qc7 25. Qxa7 {[%emt 0:10:34] Kg2 is the strong threat.} Qc1+ 26. Kg2 Qxb2 27. Qe3 Kf7 28. Qf4+ Ke7 29. Qc7+ Kf6 30. Qf4+ Ke7 31. Qc7+ Kf6 32. Qf4+ {[%emt 0:23:21] Not much happened in this game.  Weighted Error Value: White=0.02 (flawless) /Black=0.02 (flawless)} 1/2-1/2

[Event "Romanian Superleague 2022"]
[Site "Oradea"]
[Date "2022.09.24"]
[Round "4.14"]
[White "Petkov, Momchil"]
[Black "Miron, Lucian-Costin"]
[Result "1/2-1/2"]
[ECO "E00"]
[WhiteElo "2511"]
[BlackElo "2498"]
[Annotator "TA"]
[PlyCount "119"]
[EventDate "2022.09.21"]
[EventType "team-tourn"]
[EventCountry "ROU"]
[SourceTitle "playchess.com"]
[Source "ChessBase"]
[SourceQuality "1"]
[TimeControl "40/5400+30:1800+30"]

1. d4 Nf6 2. c4 e6 3. g3 Bb4+ 4. Bd2 Qe7 5. Bg2 Nc6 6. e3 Bxd2+ 7. Qxd2 e5 {[%emt 0:11:49] was the old line (7...d5). E00: Catalan Bogo-Indian (3 g3 Bb4+).} 8. d5 Nb8 9. d6 Qxd6 {[%emt 0:01:45] White has an edge.} 10. Qxd6 cxd6 11. Nc3 {[%emt 0:01:13] Against d5} Na6 12. O-O-O {[%emt 0:17:21][%mdl 1024] White has compensation.} Ke7 {[%emt 0:00:33] [#]} 13. f4 $146 ({Predecessor:} 13. Nf3 Nc7 14. Rd2 d5 15. cxd5 d6 16. Nxe5 dxe5 17. d6+ Kd8 18. dxc7+ Kxc7 19. Nb5+ {1-0 (55) Cheparinov,I (2675)-Dimitrov,R (2465) Pleven 2015}) 13... Ng4 14. Nd5+ Kd8 $1 15. Nh3 {[%emt 0:03:05][%cal Bg1h3,Bh3f2,Bf2e4][%mdl 32] Against Nf2. aiming for Ng5.} (15. Nf3 $5 ) 15... f6 {[%emt 0:04:20] Prevents Ng5.} 16. Bf3 h5 17. Bxg4 hxg4 18. Nf2 $36 {[%emt 0:00:04][%mdl 2048] Hoping for Ne4. White has the initiative.} Nc7 $1 19. Ne4 {[%emt 0:09:30] Pair of Knights!} Ne8 20. Ndc3 b5 21. Nxd6 Nxd6 22. Rxd6 bxc4 ({Black should play} 22... exf4 $1 $15 23. exf4 bxc4) 23. fxe5 $11 Rb8 (23... fxe5 $11 {remains equal.} 24. Rf1 Bb7) 24. exf6 $16 {[%emt 0:01:54] White is more active.} gxf6 25. Rxf6 Rb6 26. Rhf1 ({Better is} 26. Rf2 $16) 26... Rxf6 $11 27. Rxf6 Rxh2 {[%emt 0:01:21][%mdl 4096] Endgame KRB-KRN} 28. Nd5 {[%emt 0:04:12][%cal Rf6f8] [#]} Ke8 {[%emt 0:00:40] Inhibits Rf8+.} 29. Rf4 Bb7 30. Nf6+ Ke7 31. Nxg4 Rg2 32. Nh6 c3 33. bxc3 Rxa2 34. g4 Rg2 35. Ra4 a6 36. Nf5+ Ke6 37. Rb4 Bd5 38. Nh4 Rg1+ 39. Kd2 a5 40. Ra4 Bc6 41. Rxa5 Rxg4 42. Nf5 Be4 43. Nd4+ Kf7 44. c4 Rg2+ 45. Kc3 Rg3 46. Nb5 {[%emt 0:00:34] [#] Strongly threatening Nd6+.} Bc6 47. Kd3 Rg4 48. Nc3 Ke6 49. Rh5 Rg1 50. Kd4 Rc1 51. Rh6+ Ke7 52. c5 Kd8 53. e4 Rxc3 54. Kxc3 $16 {[%emt 0:01:09][%cal Oh6c6] Intending Rxc6! and mate. White is clearly better.} Bxe4 $14 {[%emt 0:00:01] KR-KB} 55. Kd4 Bc6 56. Ke5 {[%emt 0:02:14][%cal Oh6c6] Rxc6! would kill now.} Kc7 57. Rd6 Bg2 58. Kf6 Bh3 59. Ke7 Bg4 60. Rxd7+ $2 {[%emt 0:01:24] Weighted Error Value: White=0.08 (flawless) /Black=0.10 (very precise)} 1/2-1/2

[Event "Romanian Superleague 2022"]
[Site "Oradea"]
[Date "2022.09.24"]
[Round "4.15"]
[White "Secheres, Adrian-Simion"]
[Black "Bonte, Andrei-Mihai"]
[Result "0-1"]
[ECO "D45"]
[WhiteElo "2375"]
[BlackElo "2339"]
[Annotator "TA"]
[PlyCount "74"]
[EventDate "2022.09.21"]
[EventType "team-tourn"]
[EventCountry "ROU"]
[SourceTitle "playchess.com"]
[Source "ChessBase"]
[SourceQuality "1"]
[TimeControl "40/5400+30:1800+30"]

1. d4 d5 2. c4 c6 3. Nc3 Nf6 4. Nf3 e6 5. e3 Nbd7 6. Qc2 b6 7. Bd3 Bb7 8. O-O {[%emt 0:02:12] D45: Semi-Slav: 5 e3.} Bb4 9. a3 dxc4 (9... Be7 {is interesting.} 10. b3 c5 11. cxd5 exd5 12. Ne5 O-O) 10. Bxc4 {[%emt 0:00:41] The position is equal.} Bxc3 11. Qxc3 {[%emt 0:11:37] [#]} c5 $146 ({Predecessor:} 11... O-O 12. Rd1 Qe7 13. b4 c5 14. Ne1 Rfc8 15. dxc5 bxc5 16. Be2 Ne4 17. Qb2 cxb4 18. Qxb4 {0-1 (40) Vandervorst,J (2076)-Nadin Belkhodja,S Le Touquet 1999}) 12. dxc5 Nxc5 13. b4 Nce4 14. Bb5+ Ke7 15. Qb3 Rc8 16. Bb2 {[%emt 0:05:54] Prevents Nc3.} Qd5 17. Qxd5 Nxd5 {[%emt 0:02:20] Pair of Knights!} 18. Rfc1 Ndc3 19. Bf1 f6 20. a4 Rc7 21. Nd4 {[%emt 0:05:14] [#] Black must now prevent f3.} Rhc8 $1 22. f3 Nd2 23. e4 g6 24. Bxc3 Rxc3 25. Rxc3 Rxc3 26. Nb5 Rb3 27. Nxa7 (27. Rc1 {looks sharper.} a6 28. Rc7+ Kd8 29. Rxb7 Rb1 30. Kf2) 27... Nxf1 28. Kxf1 Rxb4 $14 {[%emt 0:00:06][%mdl 4096] Endgame KRB-KRN} 29. a5 bxa5 30. Rxa5 Kd7 {[%emt 0:00:17] Strongly threatening ...Kc7.} 31. Ra3 Rb6 {[%emt 0:03:04][%cal Bb4b6,Bb6b2,Bb2c2][%mdl 32] And now ...Kc7 would win.} 32. Kf2 {[%emt 0:01:26] [#] Loses the game.} ({White must play} 32. Rc3 $1 $15) 32... Kc7 $1 $19 33. Ra5 (33. Kg3 $142) 33... Rb2+ 34. Kg3 Kb6 {[%emt 0:01:06] Against Nb5} 35. Ra1 Rc2 36. e5 $2 (36. Rd1 {keeps fighting.}) 36... fxe5 37. Rd1 Bd5 {[%emt 0:01:02] Weighted Error Value: White=0.25 (precise) /Black=0.08 (flawless)} 0-1

[Event "Romanian Superleague 2022"]
[Site "Oradea"]
[Date "2022.09.24"]
[Round "4.16"]
[White "Gilea, Lucian"]
[Black "Filip, Andrei"]
[Result "1/2-1/2"]
[ECO "D24"]
[WhiteElo "2278"]
[BlackElo "2356"]
[Annotator "TA"]
[PlyCount "73"]
[EventDate "2022.09.21"]
[EventType "team-tourn"]
[EventCountry "ROU"]
[SourceTitle "playchess.com"]
[Source "ChessBase"]
[SourceQuality "1"]
[TimeControl "40/5400+30:1800+30"]

1. d4 d5 2. c4 dxc4 3. Nf3 Nf6 4. Nc3 a6 5. a4 Nc6 6. Bg5 Bg4 {[%emt 0:27:08] D24: Queen's Gambit Accepted: 3 Nf3 Nf6 4 Nc3.} 7. e3 Na5 $1 8. h3 Bh5 {[%emt 0:02:07][%cal Oc7c5] Black is slightly better.} (8... Bxf3 $5 9. Qxf3 e6 $11) 9. Be2 e6 (9... Bxf3 {should be considered.} 10. Bxf3 c6) 10. Ne5 $11 Bxe2 11. Qxe2 {[%emt 0:00:12] [#]} c5 $146 {[%emt 0:11:58] [#]} (11... c6 $11 {remains equal.}) ({Predecessor:} 11... Be7 12. O-O Nd5 13. Qf3 O-O 14. Nxd5 Bxg5 15. Nc3 Bf6 16. Rad1 Bxe5 17. dxe5 Qg5 {½-½ (51) Sikorska,D-Gola,K (1972) Sielpa 2004}) 12. Rd1 {[%emt 0:12:43] White is much more active. The black rooks are badly placed.} ({Much worse is} 12. Nxc4 $6 cxd4 13. Rd1 Nxc4 14. Qxc4 Be7 $11) ({Better is} 12. d5 $1 $16 {[%cal Rd5e6] Strongly threatening dxe6.} Qb6 13. Bxf6 gxf6 14. Nxc4 (14. Ng4 O-O-O $17) 14... Nxc4 15. Qxc4) 12... Qc7 13. Nxc4 {[%emt 0:03:07] Bf4 is the strong threat.} cxd4 14. Rxd4 Nb3 15. Rd1 Rc8 16. Nd2 Nxd2 17. Rxd2 Be7 18. O-O O-O 19. Rfd1 Qe5 20. Bf4 Qa5 21. Bd6 Bxd6 22. Rxd6 h6 23. R6d4 Qb6 24. Qd2 Qb3 25. Qe2 Rfe8 26. Qd2 e5 27. Rd6 Qb4 28. Qe2 Ne4 29. Nxe4 Qxe4 30. Rd7 Rc2 31. Qh5 Rf8 32. Rd8 {[%emt 0:02:42] [#] Black must now prevent R1d7.} Rc8 (32... Rxb2 $11 33. R1d3 Rb1+ 34. Kh2 Rb2) 33. Rxc8 $14 {[%emt 0:00:18] White is slightly better.} Rxc8 34. Rd7 Rf8 35. Qd1 Qc6 36. b4 Rc8 37. Kh2 {[%emt 0:01:01] Weighted Error Value: White=0.09 (flawless) /Black=0.13 (very precise)} 1/2-1/2

[Event "Romanian Superleague 2022"]
[Site "Oradea"]
[Date "2022.09.24"]
[Round "4.17"]
[White "Nastore, Pavel-Alexandru"]
[Black "Ognean, Mihnea-Ionut"]
[Result "0-1"]
[ECO "B17"]
[WhiteElo "2279"]
[BlackElo "2303"]
[Annotator "TA"]
[PlyCount "80"]
[EventDate "2022.09.21"]
[EventType "team-tourn"]
[EventCountry "ROU"]
[SourceTitle "playchess.com"]
[Source "ChessBase"]
[SourceQuality "1"]
[TimeControl "40/5400+30:1800+30"]

1. e4 c6 2. d4 d5 3. Nc3 dxe4 4. Nxe4 Nd7 5. Nf3 Ngf6 6. Nxf6+ {[%emt 0:01:11] B17: Caro-Kann: Modern Line (4...Nd7).} exf6 7. Be3 Bd6 8. Bd3 {[%emt 0:00:05] The position is equal.} O-O 9. O-O Re8 10. c4 Nf8 11. Qc2 Bc7 12. h3 Be6 13. d5 cxd5 14. cxd5 Bxd5 15. Rfd1 {[%emt 0:00:50] [#] Black must now prevent Bc4.} Qc8 $146 ({Predecessor:} 15... Rc8 16. Qa4 Bc6 17. Qxa7 Qe7 18. Qc5 Qxc5 19. Bxc5 Bxf3 20. gxf3 Ne6 21. Ba3 Nf4 {½-½ (59) Troselj,I (1878)-Vujnovic,P (2052) Rijeka 2019}) 16. Nd4 ({Better is} 16. Rac1 $11 Bxf3 17. gxf3) 16... Bb6 $15 17. Qa4 Qb8 18. Nf5 Bxe3 19. Nxe3 Bc6 20. Qg4 Qe5 21. Nc4 Qe6 $40 {[%emt 0:02:59][%mdl 128] Black is up to no good.} 22. Nd6 Qxg4 23. hxg4 Re7 24. b4 Ba4 25. Rd2 Rd8 {[%emt 0:00:39] [#] ...Red7 is the strong threat.} 26. Bc4 Ne6 {[%emt 0:00:07] Threatens to win with ...Red7.} 27. Re1 Kf8 28. Rd3 g6 29. Ra3 (29. Ree3 $17) 29... Rxd6 (29... Bc6 $19 30. Nb5 a6) 30. Rxa4 $17 b6 31. Bb3 Rc7 32. f3 Nd4 33. Bd1 (33. Ra6 $17) 33... Nb5 $19 34. Be2 $2 (34. Bb3) 34... Re7 {[%emt 0:00:44] Black is clearly winning.} 35. Bxb5 {[%emt 0:00:52] aiming for Rxe7.} Rxe1+ {[%emt 0:00:05] KRR-KRB} 36. Kf2 Re7 37. Bc4 Rd4 38. Bb3 a5 39. bxa5 Rxa4 40. Bxa4 bxa5 {[%emt 0:00:00] Weighted Error Value: White=0.26 (precise) /Black=0.11 (very precise)} 0-1